 Dungeon Crawl Stone Soup version 0.17-a0-2215-g49c1de0 (webtiles) character file.

21 mrath the Digger (level 2, -3/15 HPs)
             Began as a Gargoyle Earth Elementalist on Oct 27, 2015.
             Slain by Crazy Yiuf
             ... wielding a +3 quarterstaff of chaos
              (6 damage)
             ... on level 2 of the Dungeon on Oct 28, 2015.
             The game lasted 00:10:09 (1170 turns).

mrath the Digger (Gargoyle Earth Elementalist)      Turns: 1170, Time: 00:10:09

Health: -3/15      AC:  4    Str: 11    XL:     2   Next: 83%
Magic:  4/5        EV: 12    Int: 15    God:
Gold:   40         SH:  0    Dex: 10    Spells: 2 memorised, 3 levels left

rFire  . . .     SeeInvis .     p - +2 dagger (venom)
rCold  . . .     Clarity  .     b - +0 robe
rNeg   + . .     SustAt   +     (no shield)
rPois  ∞         Gourm    .     (no helmet)
rElec  +         Spirit   .     (no cloak)
rCorr  .         Warding  .     (no gloves)
rMut   .         Stasis   .     (no boots)
MR     .....                    (no amulet)
Stlth  +++.......               o - ring of stealth
                                k - ring of sustain attributes

@: not resistant to hostile enchantments, fairly stealthy
A: negative energy resistance 1, electricity resistance, unbreathing,
petrification resistance, rot immunity, AC +2
a: no special abilities


You were on level 2 of the Dungeon.
You were not hungry.

You visited 1 branch of the dungeon, and saw 2 of its levels.

You collected 40 gold pieces.

Inventory:

Hand Weapons
 f - a +0 club
 p - a +2 dagger of venom (weapon)
 s - a +0 whip
Missiles
 a - 27 stones (quivered)
 t - 19 sling bullets
Armour
 b - a +0 robe (worn)
Jewellery
 k - a ring of sustain attributes (left hand)
 o - a ring of stealth (right hand)
Scrolls
 e - a scroll of remove curse {unknown}
 g - a scroll of blinking {unknown}
 h - 2 scrolls of fog {unknown}
 i - a scroll of teleportation {unknown}
 q - a scroll of enchant armour {unknown}
Potions
 l - a potion of ambrosia {unknown}
 m - a potion of brilliance {unknown}
 r - a potion of agility {unknown}
 u - a potion of cure mutation {unknown}
Books
 c - a book of Geomancy

   Spells                             Type                      Level
   a - Sandblast                      Earth                        1
   b - Stoneskin                      Transmutation/Earth          2
   c - Passwall                       Transmutation/Earth          3
   d - Stone Arrow                    Conjuration/Earth            3
   e - Petrify                        Transmutation/Earth          4
   f - Lee's Rapid Deconstruction     Earth                        5
Comestibles
 d - 2 bread rations
 j - a meat ration
 n - a chunk of flesh


   Skills:
 - Level 1.5 Dodging
 - Level 2.1 Stealth
 * Level 2.7 Spellcasting
 - Level 0.7 Transmutations
 + Level 4.0 Earth Magic


You had 3 spell levels left.
You knew the following spells:

 Your Spells              Type           Power        Failure   Level  Hunger
a - Sandblast             Erth           ##....       4%          1    #......
b - Stoneskin             Trmt/Erth      #.......     12%         2    ##.....


Dungeon Overview and Level Annotations

Branches:
Dungeon (2/15)

Altars:

Annotations:
D:2 Crazy Yiuf, Sigmund


Innate Abilities, Weirdness & Mutations

You are resistant to torment.
Your stone body is resilient (AC +2).
You are immune to poison.
You resist negative energy.
You are resistant to electric shocks.
You can survive without breathing.
You are immune to petrification.
You are immune to rotting.


Message History

Crazy Yiuf moves out of view.
Wield which item (- for none, * to show all)? (? for menu, Esc to quit)
Your +2 dagger of venom stops dripping with poison.
a - 28 stones (in hand)
Casting: Sandblast
Confirm with . or Enter, or press ? or * to list all spells.
Aiming: Sandblast
Press: ? - help, Shift-Dir - straight line, f - Crazy Yiuf
Aim: Crazy Yiuf, wielding a quarterstaff of chaos and wearing a runed cloak The rocky blast misses Crazy Yiuf.
Crazy Yiuf hits you with a quarterstaff of chaos!
Ouch! That really hurt!
Crazy Yiuf freezes you.
* * * LOW HITPOINT WARNING * * *
Wield which item (- for none, * to show all)? (? for menu, Esc to quit)
It begins to drip with poison!
p - a +2 dagger of venom (weapon)
You hit Crazy Yiuf but do no damage.
Crazy Yiuf is poisoned.
Crazy Yiuf hits you with a quarterstaff of chaos.
You die...

##### #..)# #...#
... #g# ### ##@#
#.## #.## #..######
##.# #.....##. #.##
#.###.... ##.##
#..####.. #.PP##
##.###... #..P.#
#####.#..... #....#
#.......#...
#....####......##...


You could see Crazy Yiuf.

Vanquished Creatures
  A giant gecko (D:1)
  2 giant cockroaches
  5 hobgoblins (D:1)
  2 kobolds (D:1)
  A bat (D:1)
  2 giant newts (D:1)
  3 goblins (D:1)
  2 rats
18 creatures vanquished.

Notes
Turn   | Place    | Note
--------------------------------------------------------------
     0 | D:1      | mrath the Gargoyle Earth Elementalist began the quest for the Orb.
     0 | D:1      | Reached XP level 1. HP: 10/10 MP: 3/3
   204 | D:1      | Reached XP level 2. HP: 10/15 MP: 0/5
   304 | D:1      | Learned a level 2 spell: Stoneskin
   817 | D:1      | Reached skill level 4 in Earth Magic
  1101 | D:2      | Noticed Sigmund
  1164 | D:2      | Noticed Crazy Yiuf
  1170 | D:2      | Slain by Crazy Yiuf

Vault maps used:
D:1:      lemuel_arrival_broad_hall
D:2:      kennysheep_big_flooded_room, vehumet_crystals, lemuel_doored_altar,
          uniq_sigmund, uniq_crazy_yiuf_cottage

Action                   || total
-------------------------++-------
Melee: Club              ||    13
       Dagger            ||     4
 Cast: Sandblast         ||    30
       Stoneskin         ||     2
  Eat: Chunk             ||     1
